PCL
TUCSON TOROS @ TACOMA CUBS
06/20/1982
 
TOP OF THE 1ST
Tucson Toros batting - Pitching for Tacoma Cubs : RHP Danny Ruiz
Pitching: RHP Danny Ruiz
Batting: LHB Juan Bustabad 0-0: Ball
1-0: Fly out, F4 (Line Drive, 4, EV 70.6 MPH)
Batting: SHB Rodney Scott 0-0: Ground out 6-3 (Groundball, 4MD, EV 95.6 MPH)
Batting: RHB David Holmes 0-0: Foul Ball, location: 2F
0-1: Foul Ball, location: 2F
0-2: Ball
1-2: Ball
2-2: Ball
3-2: Ground out 4-3 (Groundball, 4M, EV 105.6 MPH)
Top of the 1st over - 0 runs, 0 hits, 0 errors, 0 left on base; Tucson 0 - Tacoma 0
BOTTOM OF THE 1ST
Tacoma Cubs batting - Pitching for Tucson Toros : RHP Ron Schueler
Pitching: RHP Ron Schueler
Batting: RHB Tim Glass 0-0: Swinging Strike
0-1: Called Strike
0-2: Ball
1-2: Strikes out swinging, 2-3 out at first.
Batting: RHB Glenn Hubbard 0-0: Ball
1-0: Called Strike
1-1: Swinging Strike
1-2: SINGLE (Groundball, 6MD, EV 108.1 MPH)
Batting: LHB Willie Gonzalez 0-0: Ball
Wild Pitch!
Glenn Hubbard to second
1-0: Foul Ball, location: 2F
1-1: Foul Ball, location: 2F
1-2: Foul Ball, location: 2F
1-2: Fly out, F8 (Line Drive, 8LD, EV 87.5 MPH)
Batting: LHB Dan Pasqua 0-0: Ball
1-0: DOUBLE (Line Drive, 89XD, EV 108.1 MPH)
Glenn Hubbard scores
Batting: RHB Marty Castillo 0-0: Called Strike
0-1: Fly out, F9 (Flyball, 9S, EV 93.1 MPH)
Bottom of the 1st over - 1 run, 2 hits, 0 errors, 1 left on base; Tucson 0 - Tacoma 1
TOP OF THE 2ND
Tucson Toros batting - Pitching for Tacoma Cubs : RHP Danny Ruiz
Batting: LHB Pat Dodson 0-0: Ball
1-0: Ball
2-0: Ball
3-0: Base on Balls
Batting: LHB Tim Krauss 0-0: Foul Ball, location: 2F
0-1: Fielders Choice at 2nd, 6-4 (Groundball, 6D, EV 110.0 MPH)
Batting: SHB Michael Miara 0-0: Ground out 4-3 (Groundball, 4, EV 90.0 MPH)
Tim Krauss to second
Batting: LHB Bruce Boisclair 0-0: SINGLE (Line Drive, 34, EV 100.0 MPH)
Tim Krauss to third
Runner from 3rd tries for Home, SAFE, throw by RF to home
Batting: SHB Kevin King 0-0: Called Strike
0-1: Ball
1-1: Ball
2-1: Ball
3-1: Swinging Strike
3-2: Strikes out swinging
Top of the 2nd over - 1 run, 1 hit, 0 errors, 1 left on base; Tucson 1 - Tacoma 1
BOTTOM OF THE 2ND
Tacoma Cubs batting - Pitching for Tucson Toros : RHP Ron Schueler
Batting: LHB John Elway 0-0: Called Strike
0-1: Ball
1-1: Swinging Strike
1-2: Strikes out swinging
Batting: LHB Robert Kraft 0-0: Foul Ball, location: 2F
0-1: Foul Ball, location: 2F
0-2: Foul Ball, location: 2F
0-2: Ball
1-2: Ground out 6-3 (Groundball, 6M, EV 79.4 MPH)
Batting: RHB Paul Szymarek 0-0: Ball
1-0: Foul Ball, location: 2F
1-1: Ball
2-1: Ground out 4-3 (Groundball, 13, EV 86.3 MPH)
Bottom of the 2nd over - 0 runs, 0 hits, 0 errors, 0 left on base; Tucson 1 - Tacoma 1
TOP OF THE 3RD
Tucson Toros batting - Pitching for Tacoma Cubs : RHP Danny Ruiz
Batting: RHB Talmadge Tanks 0-0: Ball
1-0: Called Strike
1-1: Foul Ball, location: 2F
1-2: Ball
2-2: Foul Ball, location: 2F
2-2: SINGLE (Line Drive, 4M, EV 97.5 MPH)
Batting: LHB Juan Bustabad 0-0: Called Strike
0-1: Ball
1-1: Foul Ball, location: 2F
1-2: Foul Ball, location: 2F
1-2: Strikes out looking
Talmadge Tanks steals 2nd base
Batter strikes out.
Batting: SHB Rodney Scott 0-0: Called Strike
0-1: Fly out, F8 (Flyball, 89D, EV 96.3 MPH)
Runner from 2nd tags up, SAFE at 3rd, no throw by CF
Batting: RHB David Holmes 0-0: Ball
1-0: Foul Ball, location: 2F
1-1: Called Strike
1-2: Foul Ball, location: 2F
1-2: Ball
2-2: SINGLE (Flyball, 3D, EV 93.8 MPH)
Talmadge Tanks scores
Batting: LHB Pat Dodson 0-0: Ball
1-0: Ball
2-0: Foul Ball, location: 2F
2-1: Foul Ball, location: 2F
2-2: Ball
3-2: Base on Balls
David Holmes to second
Batting: LHB Tim Krauss 0-0: Ball
Wild Pitch!
David Holmes to third
Pat Dodson to second
1-0: Swinging Strike
1-1: Ball
2-1: Foul Ball, location: 2F
2-2: Ball
3-2: Ground out 1-3 (Groundball, P, EV 64.4 MPH)
Top of the 3rd over - 1 run, 2 hits, 0 errors, 2 left on base; Tucson 2 - Tacoma 1
BOTTOM OF THE 3RD
Tacoma Cubs batting - Pitching for Tucson Toros : RHP Ron Schueler
Batting: LHB Tom Lombarski 0-0: Ball
1-0: Called Strike
1-1: Foul Ball, location: 2F
1-2: Foul Ball, location: 2F
1-2: Fly out, F5 (Flyball, 56D, EV 91.9 MPH)
Batting: RHB Tim Glass 0-0: Called Strike
0-1: Foul Ball, location: 2F
0-2: Strikes out looking
Batting: RHB Glenn Hubbard 0-0: Called Strike
0-1: Ball
1-1: Fly out, F7 (Flyball, 7S, EV 74.4 MPH)
Bottom of the 3rd over - 0 runs, 0 hits, 0 errors, 0 left on base; Tucson 2 - Tacoma 1
TOP OF THE 4TH
Tucson Toros batting - Pitching for Tacoma Cubs : RHP Danny Ruiz
Batting: SHB Michael Miara 0-0: Ground out 1-3 (Groundball, 13S, EV 68.8 MPH)
Batting: LHB Bruce Boisclair 0-0: Ball
1-0: Ball
2-0: Called Strike
2-1: Foul Ball, location: 2F
2-2: Strikes out swinging
Batting: SHB Kevin King 0-0: Ball
1-0: Ball
2-0: Called Strike
2-1: Foul Ball, location: 2F
2-2: Foul Ball, location: 2F
2-2: Fly out, F5 (Popup, 25F, EV 85.6 MPH)
Top of the 4th over - 0 runs, 0 hits, 0 errors, 0 left on base; Tucson 2 - Tacoma 1
BOTTOM OF THE 4TH
Tacoma Cubs batting - Pitching for Tucson Toros : RHP Ron Schueler
Batting: LHB Willie Gonzalez 0-0: Called Strike
0-1: Ground out 4-3 (Groundball, 34, EV 101.9 MPH)
Batting: LHB Dan Pasqua 0-0: Ball
1-0: Ground out 4-3 (Groundball, 4, EV 101.3 MPH)
Batting: RHB Marty Castillo 0-0: Ball
1-0: Foul Ball, location: 2F
1-1: DOUBLE (Line Drive, 9LD, EV 111.9 MPH) - OUT at third base trying to stretch hit.
Bottom of the 4th over - 0 runs, 1 hit, 0 errors, 0 left on base; Tucson 2 - Tacoma 1
TOP OF THE 5TH
Tucson Toros batting - Pitching for Tacoma Cubs : RHP Danny Ruiz
Batting: RHB Talmadge Tanks 0-0: Called Strike
0-1: Foul Ball, location: 2F
0-2: Ball
1-2: Foul Ball, location: 2F
1-2: Foul Ball, location: 2F
1-2: Ball
2-2: Ground out U3 (Groundball, 3L, EV 103.1 MPH)
Batting: LHB Juan Bustabad 0-0: Foul Ball, location: 2F
0-1: Called Strike
0-2: Ground out U3 (Groundball, 3, EV 90.6 MPH)
Batting: SHB Rodney Scott 0-0: Called Strike
0-1: Swinging Strike
0-2: Ball
1-2: Strikes out swinging
Top of the 5th over - 0 runs, 0 hits, 0 errors, 0 left on base; Tucson 2 - Tacoma 1
BOTTOM OF THE 5TH
Tacoma Cubs batting - Pitching for Tucson Toros : RHP Ron Schueler
Batting: LHB John Elway 0-0: Ground out 3-1 (Groundball, 34, EV 88.1 MPH)
Batting: LHB Robert Kraft 0-0: Ball
1-0: Swinging Strike
1-1: Called Strike
1-2: Ball
2-2: Ball
3-2: Foul Ball, location: 2F
3-2: Foul Ball, location: 2F
3-2: Base on Balls
Batting: RHB Paul Szymarek 0-0: Ball
1-0: Ball
2-0: Called Strike
2-1: Ball
3-1: Foul Ball, location: 2F
3-2: Foul Ball, location: 2F
3-2: Strikes out swinging
Batting: LHB Tom Lombarski 0-0: Ball
1-0: Fly out, F6 (Popup, 6, EV 53.1 MPH)
Bottom of the 5th over - 0 runs, 0 hits, 0 errors, 1 left on base; Tucson 2 - Tacoma 1
TOP OF THE 6TH
Tucson Toros batting - Pitching for Tacoma Cubs : RHP Danny Ruiz
Batting: RHB David Holmes 0-0: Foul Ball, location: 2F
0-1: Ball
1-1: Called Strike
1-2: Fly out, F6 (Flyball, 5D, EV 91.3 MPH)
Batting: LHB Pat Dodson 0-0: Called Strike
0-1: Ball
1-1: Called Strike
1-2: Ball
2-2: Strikes out swinging
Batting: LHB Tim Krauss 0-0: Called Strike
0-1: Ground out 4-3 (Groundball, 4, EV 82.5 MPH)
Top of the 6th over - 0 runs, 0 hits, 0 errors, 0 left on base; Tucson 2 - Tacoma 1
BOTTOM OF THE 6TH
Tacoma Cubs batting - Pitching for Tucson Toros : RHP Ron Schueler
Batting: RHB Tim Glass 0-0: Called Strike
0-1: Foul Ball, location: 2F
0-2: Foul Ball, location: 2F
0-2: Strikes out looking
Batting: RHB Glenn Hubbard 0-0: Foul Ball, location: 2F
0-1: Fly out, F4 (Flyball, 34D, EV 90.0 MPH)
Batting: LHB Willie Gonzalez 0-0: Called Strike
0-1: Reached on error, E6 (Groundball, 6, EV 85.6 MPH)
Batting: LHB Dan Pasqua 0-0: Swinging Strike
0-1: Called Strike
0-2: Ball
1-2: Foul Ball, location: 2F
1-2: Strikes out swinging wild pitch, reaches first!
Willie Gonzalez to second
Batting: RHB Marty Castillo 0-0: Ball
1-0: Fly out, F9 (Flyball, 9D, EV 103.8 MPH)
Bottom of the 6th over - 0 runs, 0 hits, 1 error, 2 left on base; Tucson 2 - Tacoma 1
TOP OF THE 7TH
Tucson Toros batting - Pitching for Tacoma Cubs : RHP Danny Ruiz
Batting: SHB Michael Miara 0-0: Ball
1-0: Ball
2-0: Called Strike
2-1: Ball
3-1: Base on Balls
Batting: LHB Bruce Boisclair 0-0: Bunt missed!
0-1: Bunt missed!
0-2: Foul Ball, location: 2F
0-2: Foul Ball, location: 2F
0-2: Ball
1-2: Fly out, F9 (Flyball, 9, EV 93.1 MPH)
Pitching: RHP Bernard Tensing
Batting: SHB Kevin King 0-0: Ball
1-0: Foul Ball, location: 2F
1-1: Ball
2-1: Ball
3-1: Called Strike
3-2: Base on Balls
Michael Miara to second
Batting: RHB Talmadge Tanks 0-0: Called Strike
0-1: Swinging Strike
0-2: Ball
1-2: Ball
2-2: Strikes out swinging
Batting: LHB Juan Bustabad 0-0: Ball
Wild Pitch!
Michael Miara to third
Kevin King to second
1-0: Ground out 4-3 (Groundball, 4, EV 80.0 MPH)
Top of the 7th over - 0 runs, 0 hits, 0 errors, 2 left on base; Tucson 2 - Tacoma 1
BOTTOM OF THE 7TH
Tacoma Cubs batting - Pitching for Tucson Toros : RHP Ron Schueler
Batting: LHB John Elway 0-0: Ball
1-0: Foul Ball, location: 2F
1-1: Ball
2-1: Foul Ball, location: 2F
2-2: Ball
3-2: Base on Balls
Batting: LHB Robert Kraft 0-0: Fly out, F8 (Flyball, 8LD, EV 75.6 MPH)
Batting: RHB Paul Szymarek 0-0: Ball
1-0: Called Strike
1-1: Called Strike
1-2: Ball
2-2: Ball
3-2: Strikes out swinging
Batting: LHB Tom Lombarski 0-0: Ball
John Elway steals 2nd base
1-0: Ball
2-0: Ball
3-0: Base on Balls
Batting: RHB Tim Glass 0-0: Ball
1-0: Ball
2-0: Ball
3-0: Called Strike
3-1: Called Strike
3-2: DOUBLE (Line Drive, 5D, EV 101.9 MPH)
John Elway scores
Tom Lombarski to third
Tom Lombarski scores
Pitching: LHP Jerry O'Neill
Batting: RHB Glenn Hubbard 0-0: SINGLE (Groundball, 34S, EV 73.8 MPH) (infield hit)
Tim Glass to third
Batting: LHB Willie Gonzalez 0-0: Ball
1-0: Foul Ball, location: 2F
1-1: DOUBLE (Flyball, 8LXD, EV 105.0 MPH)
Tim Glass scores
Glenn Hubbard to third
Runner from 3rd tries for Home, SAFE, no throw by CF
Batting: LHB Dan Pasqua 0-0: Ball
1-0: Ball
2-0: Fly out, F8 (Flyball, 8LS, EV 86.3 MPH)
Bottom of the 7th over - 4 runs, 3 hits, 0 errors, 1 left on base; Tucson 2 - Tacoma 5
TOP OF THE 8TH
Tucson Toros batting - Pitching for Tacoma Cubs : RHP Bernard Tensing
Batting: SHB Rodney Scott 0-0: Called Strike
0-1: Ball
1-1: Swinging Strike
1-2: Strikes out swinging
Batting: RHB David Holmes 0-0: Called Strike
0-1: Called Strike
0-2: Ball
1-2: Ball
2-2: Ball
3-2: SINGLE (Groundball, 34D, EV 95.0 MPH)
Batting: LHB Pat Dodson 0-0: Ball
1-0: Called Strike
1-1: Foul Ball, location: 2F
1-2: Ball
2-2: Grounds into double play, 4-6-3 (Groundball, 4, EV 93.1 MPH)
Top of the 8th over - 0 runs, 1 hit, 0 errors, 0 left on base; Tucson 2 - Tacoma 5
BOTTOM OF THE 8TH
Tacoma Cubs batting - Pitching for Tucson Toros : LHP Jerry O'Neill
Batting: RHB Marty Castillo 0-0: Ball
1-0: Ball
2-0: Called Strike
2-1: Ball
3-1: Base on Balls
Batting: LHB John Elway 0-0: Ball
1-0: Ball
2-0: Called Strike
2-1: Ball
3-1: Base on Balls
Marty Castillo to second
Batting: LHB Robert Kraft 0-0: Called Strike
0-1: Called Strike
0-2: Ball
1-2: Fly out, F7 (Line Drive, 7, EV 87.5 MPH)
Batting: RHB Paul Szymarek 0-0: Called Strike
0-1: Ball
1-1: Ball
2-1: Ball
3-1: Base on Balls
Marty Castillo to third
John Elway to second
Batting: LHB Tom Lombarski 0-0: Called Strike
0-1: Ball
1-1: Ball
2-1: Swinging Strike
2-2: Strikes out looking
Batting: RHB Tim Glass 0-0: SINGLE (Groundball, 56S, EV 66.3 MPH) (infield hit)
Marty Castillo scores
John Elway to third
Paul Szymarek to second
Batting: RHB Glenn Hubbard 0-0: Called Strike
0-1: Ball
1-1: Ball
2-1: Foul Ball, location: 2F
2-2: Ball
3-2: Fly out, F3 (Popup, 3S, EV 78.8 MPH)
Bottom of the 8th over - 1 run, 1 hit, 0 errors, 3 left on base; Tucson 2 - Tacoma 6
TOP OF THE 9TH
Tucson Toros batting - Pitching for Tacoma Cubs : RHP Bernard Tensing
Pitching: RHP Paul Thormodsgard
Batting: LHB Tim Krauss 0-0: Ball
1-0: Swinging Strike
1-1: Foul Ball, location: 2F
1-2: Fly out, F7 (Flyball, 78S, EV 85.0 MPH)
Batting: SHB Michael Miara 0-0: Ball
1-0: Called Strike
1-1: Foul Ball, location: 2F
1-2: Foul Ball, location: 2F
1-2: Ball
2-2: Ball
3-2: Strikes out swinging, 2-3 out at first.
Batting: LHB Bruce Boisclair 0-0: Ball
1-0: Called Strike
1-1: Foul Ball, location: 2F
1-2: Ball
2-2: Ball
3-2: Strikes out swinging
Top of the 9th over - 0 runs, 0 hits, 0 errors, 0 left on base; Tucson 2 - Tacoma 6
Monday, August 10th, 2020 - OOTP Baseball 21.5 Build 76